 Dungeon Crawl Stone Soup version 0.18.1-50-g88ac8fd (webtiles) character file.

7369 nikopol the Cleaver (level 10, -4/90 HPs)
             Began as a Minotaur Berserker on Oct 3, 2016.
             Was a High Priest of Trog.
             Slain by an unseen horror (6 damage)
             ... on level 10 of the Dungeon.
             The game lasted 00:22:23 (9079 turns).

nikopol the Cleaver (Minotaur Berserker)            Turns: 9079, Time: 00:22:24

Health: -4/90      AC: 14    Str: 21    XL:     10   Next: 91%
Magic:  9/9        EV: 12    Int:  4    God:    Trog [*****.]
Gold:   505        SH:  0    Dex: 14    Spells: 0 memorised, 9 levels left

rFire  . . .     SeeInvis .     a - +4 hand axe
rCold  + . .     Gourm    .     T - +0 chain mail {rC+}
rNeg   . . .     Faith    .     (no shield)
rPois  .         Spirit   .     (helmet restricted)
rElec  .         Dismiss  .     u - +0 cloak
rCorr  +         Reflect  .     o - +1 pair of gloves
SustAt .         Harm     +     (no boots)
MR     +....                    C - amulet of harm
Stlth  ..........               x - ring of protection from magic
                                h - ring of resist corrosion

@: somewhat resistant to hostile enchantments, extremely unstealthy
A: retaliatory headbutt, horns 2
a: Berserk, Trog's Hand, Brothers in Arms, Burn Spellbooks, Renounce Religion


You were on level 10 of the Dungeon.
You worshipped Trog.
Trog was extremely pleased with you.
You were very hungry.

You visited 1 branch of the dungeon, and saw 10 of its levels.

You collected 505 gold pieces.

Inventory:

Hand Weapons
 a - a +4 hand axe (weapon)
 v - a +0 hand axe
 z - a +0 shortbow of flaming
 S - a +0 shortbow
Missiles
 d - 243 arrows (quivered)
Armour
 b - a +0 animal skin
 j - a +0 chain mail
 o - a +1 pair of gloves (worn)
 u - a +0 cloak (worn)
 L - the +1 chain mail of Nidi {+Inv Int+4}
   (You found it on level 6 of the Dungeon)

   It affects your intelligence (+4).
   It lets you turn invisible.
 O - a +1 chain mail of cold resistance
 T - a +0 chain mail of cold resistance (worn)
Jewellery
 h - a ring of resist corrosion (left hand)
 x - a ring of protection from magic (right hand)
 C - an amulet of harm (around neck)
 P - an uncursed amulet of magic regeneration {unknown}
Wands
 t - a wand of polymorph (10/24)
 w - a wand of polymorph (14/24)
 y - a wand of iceblast (11/15)
 F - a wand of flame (24/48)
Scrolls
 e - 4 scrolls of identify
 g - a scroll of teleportation
 i - 4 scrolls of remove curse
 l - 2 scrolls of enchant armour
 n - a scroll of recharging
 p - a scroll of magic mapping
 D - a scroll of noise {unknown}
 H - 3 scrolls of vulnerability {unknown}
 N - a scroll of fear
 Q - a scroll of torment {unknown}
Potions
 f - 2 potions of mutation
 k - 5 potions of heal wounds {unknown}
 m - 2 potions of lignification {unknown}
 r - 2 potions of berserk rage {unknown}
 s - a potion of invisibility {unknown}
 A - 2 potions of degeneration {unknown}
 B - a potion of cancellation {unknown}
 G - a potion of brilliance {unknown}
 I - a potion of curing {unknown}
 J - a potion of magic {unknown}
 M - a potion of cure mutation {unknown}
 R - a potion of might
Comestibles
 c - 6 bread rations
 q - 4 meat rations
 E - 4 fruits
 K - 2 beef jerkies


   Skills:
 + Level 8.9 Fighting
 * Level 11.1 Axes
 * Level 8.9 Bows
 + Level 8.5 Armour
 + Level 7.8 Dodging


You had 9 spell levels left.
You didn't know any spells.

Dungeon Overview and Level Annotations

Branches:
Dungeon (10/15)            Temple (0/1) D:5            Lair (0/8) D:10
    Orc: D:9-12

Altars:
Ashenzari
Cheibriados
Dithmenos
Kikubaaqudgha
Nemelex Xobeh
Qazlal
Ru
Sif Muna
Vehumet
Yredelemnul
Zin
The Shining One

Shops:
D:5 (


Innate Abilities, Weirdness & Mutations

You reflexively headbutt those who attack you in melee.
You have a pair of horns on your head.


Message History

Something hits you but does no damage. Something hits you.
* * * LOW HITPOINT WARNING * * *
Something hits you but does no damage. Something hits you but does no damage.
Something hits you.
* * * LOW HITPOINT WARNING * * *
Something hits you but does no damage. Something hits you but does no damage.
Something hits you.
* * * LOW HITPOINT WARNING * * *
Something barely misses you. Something hits you but does no damage.
Something hits you but does no damage. Something hits you but does no damage.
Something hits you but does no damage. Something hits you.
* * * LOW HITPOINT WARNING * * *
Something hits you but does no damage. Something hits you but does no damage.
Something hits you.
You die...

##...#####.........+..#######≈≈≈#
........#......#####........#≈≈≈#
###.....#......######.#######≈≈≈
########.....#......# ≈≈≈≈≈≈≈
≈≈##.....#......# ≈≈≈≈≈ ####
####.....#......# ≈≈≈ ...#
#............########### ####
#.########.#..#.##.#...# .
#......@................
............##.####.#..#.####...#
###............# #.#..#.# #...#
...........##..# ........ .....
...............+ ...............#
....#.###..##..#...##.##.####...#
#.#.#.#.#..##..#### ...... .<...
#.#.#.#.#..##..# ....#.## #....
....#.#.#..##..## #..#.


There were no monsters in sight!

Vanquished Creatures
  Maud (D:10)
  The ghost of Regeox the Nimble, a novice DsWn of Okawaru (D:10)
  Pikel (D:4)
  A troll (D:10)
  A slime creature (D:9)
  Sigmund (D:4)
  Eustachio (D:6)
  The ghost of nikopol the Skirmisher, an amateur MiBe of Trog (D:4)
  A hippogriff (D:9)
  Menkaure (D:4)
  A sky beast (D:5)
  5 orc warriors
  2 ice beasts
  4 slaves (D:4)
  2 ogres (D:8)
  8 centaurs
  A big kobold (D:7)
  3 giant frogs
  2 scorpions (D:9)
  A water moccasin skeleton (D:5)
  3 wights (D:8)
  5 killer bees (D:9)
  A howler monkey (D:3)
  3 crimson imps
  A centaur zombie (D:10)
  A quasit (D:6)
  A giant frog skeleton (D:4)
  4 hounds
  5 jellies (D:9)
  Crazy Yiuf (D:4)
  A centaur skeleton (D:9)
  6 orc priests
  Natasha (thrice) (D:4)
  4 iguanas
  9 orc wizards
  5 worker ants
  Robin (D:2)
  A howler monkey skeleton (D:4)
  A worker ant zombie (D:7)
  3 gnolls (D:9)
  10 adders
  17 oozes (D:9)
  2 dart slugs
  A giant gecko (D:3)
  44 orcs
  2 bats (D:3)
  2 giant cockroaches
  16 goblins
  9 hobgoblins
  5 jackals
  12 kobolds
  2 quokkas
  A ball python (D:2)
  6 giant newts
  A quokka skeleton (D:4)
  2 quokka zombies
  11 rats
241 creatures vanquished.

Vanquished Creatures (others)
  3 fungi (D:9)
3 creatures vanquished.

Grand Total: 244 creatures vanquished

Notes
Turn   | Place    | Note
--------------------------------------------------------------
     0 | D:1      | nikopol the Minotaur Berserker began the quest for the Orb.
     0 | D:1      | Reached XP level 1. HP: 19/19 MP: 0/0
   218 | D:1      | Reached skill level 4 in Axes
   218 | D:1      | Reached XP level 2. HP: 19/27 MP: 1/1
   682 | D:2      | Found a radiant altar of Vehumet.
   687 | D:2      | Reached ** piety under Trog
   881 | D:2      | Reached XP level 3. HP: 33/33 MP: 2/2
   954 | D:2      | Noticed Robin
   963 | D:2      | Killed Robin
  1234 | D:2      | Reached XP level 4. HP: 34/41 MP: 3/3
  1638 | D:3      | Reached *** piety under Trog
  1818 | D:3      | Reached XP level 5. HP: 47/47 MP: 4/4
  2119 | D:4      | Noticed nikopol's ghost (amateur MiBe)
  2127 | D:4      | Killed nikopol's ghost
  2127 | D:4      | Reached skill level 5 in Fighting
  2127 | D:4      | Reached skill level 5 in Axes
  2127 | D:4      | Reached XP level 6. HP: 56/56 MP: 5/5
  2250 | D:4      | Noticed a slave
  2251 | D:4      | Noticed a slave
  2253 | D:4      | Noticed Pikel
  2254 | D:4      | Noticed a slave
  2255 | D:4      | Noticed a slave
  2260 | D:4      | Killed a slave
  2263 | D:4      | Killed a slave
  2267 | D:4      | Killed a slave
  2268 | D:4      | Killed a slave
  2269 | D:4      | Killed Pikel
  2269 | D:4      | Reached skill level 6 in Axes
  2269 | D:4      | Reached skill level 5 in Armour
  2269 | D:4      | Reached skill level 5 in Dodging
  2269 | D:4      | Reached XP level 7. HP: 44/63 MP: 6/6
  2492 | D:4      | Noticed Sigmund
  2546 | D:4      | Killed Sigmund
  2546 | D:4      | Reached XP level 8. HP: 58/71 MP: 7/7
  2832 | D:4      | Noticed Crazy Yiuf
  2838 | D:4      | Killed Crazy Yiuf
  2887 | D:4      | Noticed Menkaure
  2889 | D:4      | Found a shattered altar of Ashenzari.
  2896 | D:4      | Killed Menkaure
  2896 | D:4      | Reached skill level 7 in Axes
  3157 | D:4      | Noticed Natasha
  3166 | D:4      | Killed Natasha
  3205 | D:4      | Noticed Natasha
  3212 | D:4      | Killed Natasha
  3220 | D:4      | Noticed Natasha
  3231 | D:4      | Killed Natasha
  3558 | D:5      | Entered Level 5 of the Dungeon
  3906 | D:5      | Reached **** piety under Trog
  3956 | D:5      | Found a sacrificial altar of Ru.
  4026 | D:5      | Reached skill level 8 in Axes
  4026 | D:5      | Reached skill level 5 in Bows
  4144 | D:5      | Found a staircase to the Ecumenical Temple.
  4183 | D:5      | Found Pusoxtoe's Weapon Shop.
  4240 | D:5      | Found a glowing silver altar of Zin.
  4377 | D:6      | Noticed Eustachio
  4390 | D:6      | Killed Eustachio
  4390 | D:6      | Reached XP level 9. HP: 79/79 MP: 8/8
  4490 | D:6      | Found a basalt altar of Yredelemnul.
  4498 | D:6      | Got a slimy chain mail
  4679 | D:6      | Found a snail-covered altar of Cheibriados.
  4857 | D:6      | Identified the cursed +1 chain mail of Nidi {+Inv Int+4} (You found it on level 6 of the Dungeon)
  4882 | D:6      | Found a stormy altar of Qazlal.
  4892 | D:6      | Found a sparkling altar of Nemelex Xobeh.
  5222 | D:6      | Found a glowing golden altar of the Shining One.
  5350 | D:6      | Found a deep blue altar of Sif Muna.
  5431 | D:6      | Noticed an angel
  5814 | D:7      | Reached skill level 9 in Axes
  7503 | D:9      | Reached ***** piety under Trog
  7648 | D:9      | Reached XP level 10. HP: 88/88 MP: 9/9
  7713 | D:9      | Found a shadowy altar of Dithmenos.
  7864 | D:9      | Reached skill level 10 in Axes
  7867 | D:9      | Received a gift from Trog
  7868 | D:9      | Found an ancient bone altar of Kikubaaqudgha.
  8380 | D:9      | Received a gift from Trog
  8427 | D:10     | Entered Level 10 of the Dungeon
  8471 | D:10     | Noticed Maud
  8491 | D:10     | Killed Maud
  8520 | D:10     | Noticed Regeox's ghost (novice DsWn)
  8584 | D:10     | Killed Regeox's ghost
  8584 | D:10     | Reached skill level 11 in Axes
  8770 | D:10     | Found a staircase to the Lair.
  8998 | D:10     | Noticed a sea snake
  8998 | D:10     | Noticed a sea snake
  9068 | D:10     | HP: 2/90 [something (6)]
  9076 | D:10     | HP: 2/90 [something (1)]
  9079 | D:10     | Slain by an unseen horror

Skill      XL: |  1  2  3  4  5  6  7  8  9 10 |
---------------+-------------------------------+-----
Axes           | 4 5 6 8 9 11 | 11.1
Fighting       | 4 5 6 7 8 |  8.9
Armour         | 3 4 5 6 7 8 |  8.5
Dodging        | 3 4 5 6 7 |  7.8
Bows           | 2 3 5 7 8 |  8.9

Action                   |  1- 3 |  4- 6 |  7- 9 | 10-12 || total
-------------------------+-------+-------+-------+-------++-------
Melee: Hand axe          |    86 |    94 |   172 |    88 ||   440
       Headbutt          |     8 |    19 |    40 |    15 ||    82
       Unarmed           |     5 |       |       |       ||     5
       Shortbow          |       |       |       |     1 ||     1
 Fire: Shortbow          |       |     5 |   264 |    60 ||   329
Invok: Berserk           |       |     2 |     5 |     3 ||    10
       Burn Spellbooks   |       |       |     1 |       ||     1
       Trog's Hand       |       |       |       |     1 ||     1
  Use: Scroll            |       |       |     9 |       ||     9
  Eat: Chunk             |     1 |     4 |    22 |     6 ||    33
       Beef jerky        |       |       |     1 |       ||     1
Armor: Animal skin       |     6 |       |       |       ||     6
       Chain mail        |    23 |    53 |   100 |    84 ||   260
Dodge: Dodged            |    45 |    55 |   117 |    47 ||   264
